 Dungeon Crawl Stone Soup version 0.30.1 (webtiles) character file.

Game seed: 16893833427981446532

16331 Eryximachus the Martial Artist (level 12, 0/82 HPs)
             Began as an Octopode Transmuter on June 5, 2023.
             Was an Initiate of Gozag.
             Slain by a komodo dragon (20 damage)
             ... on level 1 of the Lair of Beasts on July 4, 2023.
             The game lasted 00:53:59 (11333 turns).

Eryximachus the Martial Artist (OpTm)              Turns: 11333, Time: 00:54:00

Health: 0/82       AC:  5    Str: 15    XL:     12   Next: 36%
Magic:  21/21      EV: 15    Int: 19    God:    Gozag
Gold:   1785       SH:  0    Dex: 14    Spells: 10/23 levels left

rFire   . . .        d - +1 dagger (venom)
rCold   . . .        (no shield)
rNeg    . . .        (helmet restricted)
rPois   +            v - amulet of regeneration
rElec   .            q - +4 ring of protection
rCorr   .            G - ring of poison resistance
SInv    .            T - +6 ring of strength
Will    .....        P - ring of poison resistance
Stlth   ++++         (no ring)
HPRegen 1.13/turn    (no ring)
MPRegen 0.17/turn    (no ring)
                     (no ring)

%: no passive effects
@: no status effects
A: almost no armour, amphibious, 8 rings, camouflage 1, gelatinous body 1,
(nimble swimmer 1), tentacles
a: Renounce Religion, Potion Petition, Call Merchant, Bribe Branch


You were on level 1 of the Lair of Beasts.
You worshipped Gozag.
Gozag was most pleased with you.
You visited 3 branches of the dungeon, and saw 13 of its levels.
You also visited: Ossuary.

You collected 1946 gold pieces.
You paid 161 gold pieces to Gozag.

Inventory:

Hand Weapons
 d - a +1 dagger of venom (weapon)
Missiles
 C - 20 poisoned darts (quivered)
 K - 2 throwing nets
Magical Staves
 i - a staff of earth
Jewellery
 q - a +4 ring of protection (left tentacle)
 v - an amulet of regeneration (around mantle)
 G - a ring of poison resistance (right tentacle)
 P - a ring of poison resistance (on tentacle)
 T - a +6 ring of strength (on tentacle)
Wands
 D - a wand of iceblast (11)
 E - a wand of flame (10)
 H - a wand of polymorph (11)
 N - a wand of quicksilver (7)
Scrolls
 c - 4 scrolls of teleportation
 e - a scroll of torment {unknown}
 f - 2 scrolls of enchant weapon {unknown}
 h - 3 scrolls of fear {unknown}
 l - 2 scrolls of enchant armour {unknown}
 m - 3 scrolls of vulnerability {unknown}
 n - 3 scrolls of blinking {unknown}
 o - 4 scrolls of immolation {unknown}
 p - a scroll of fog {unknown}
 r - 2 scrolls of noise
 w - 3 scrolls of magic mapping
 x - 2 scrolls of amnesia {unknown}
 y - 4 scrolls of brand weapon {unknown}
 I - a scroll of poison {unknown}
 J - a scroll of identify
Potions
 a - 2 potions of lignification
 b - 6 potions of might
 g - 4 potions of brilliance
 j - 2 potions of heal wounds
 k - a potion of flight
 s - 2 potions of degeneration
 t - 9 potions of curing
 u - a potion of berserk rage
 z - a potion of attraction {unknown}
 A - 2 potions of mutation
 B - a potion of cancellation {unknown}
 F - a potion of invisibility {unknown}
 L - a potion of experience {unknown}
 M - 6 potions of ambrosia
 S - a potion of haste {unknown}
Miscellaneous
 O - a piece from Xom's chessboard (15/15)
 Q - a box of beasts
 R - a lightning rod (4/4)


   Skills:
 + Level 8.1 Fighting
 - Level 6.0 Dodging
 - Level 5.0 Stealth
 + Level 12.1 Unarmed Combat
 + Level 6.2 Spellcasting
 + Level 8.2 Transmutations
 - Level 5.0 Ice Magic
 - Level 3.0 Poison Magic
 - Level 4.0 Evocations


You had 10 spell levels left.
You knew the following spells:

 Your Spells              Type           Power      Damage    Failure   Level
a - Beastly Appendage     Tmut           74%        N/A       1%          1
b - Wereblood             Tmut           37%        N/A       1%          2
c - Spider Form           Tmut/Pois      27%        N/A       3%          3
d - Ice Form              Ice/Tmut       30%        N/A       8%          4
e - Ozocubu's Armour      Ice            24%        N/A       4%          3

Your spell library contained the following spells:

 Spells                   Type           Power      Damage    Failure   Level
 Freeze                   Ice            96%        1d10      1%          1
 Frozen Ramparts          Ice            48%        1d8       4%          3
 Hailstorm                Conj/Ice       15%        3d5       12%         3
 Sublimation of Blood     Necr           5%         N/A       17%         2
 Inner Flame              Hex/Fire       5%         N/A       32%         3
 Stone Arrow              Conj/Erth      10%        3d7       32%         3
 Yara's Violent Unravell  Hex/Tmut       10%        3d6       50%         5
 Enfeeble                 Hex            2%         N/A       100%        7
 Ozocubu's Refrigeration  Ice            12%        4d10      100%        7
 Summon Hydra             Summ           2%         N/A       100%        7
 Lehudib's Crystal Spear  Conj/Erth      2%         10d2      100%        8
 Animate Armour           Summ/Erth      Unusable   N/A       N/A         4

Dungeon Overview and Level Annotations

Branches:
Dungeon (11/15)            Temple (1/1) D:7            Lair (1/5) D:10
Ossuary (visited)
    Orc: D:9-12

Altars:
Cheibriados
Dithmenos
Elyvilon
Fedhas
Gozag
Hepliaklqana
Kikubaaqudgha
Nemelex Xobeh
Okawaru
Qazlal
Ru
Sif Muna
Trog
Uskayaw
Vehumet
Xom
Yredelemnul
Zin
The Shining One

Shops:
D:2 [   D:8 **

Annotations:
D:4 1 runed translucent door, Grinder, Menkaure
D:5 2 transporters, LustLizard's ghost, novice GrEE
D:6 3 runed translucent doors, meatsac's ghost, novice OpMo


Innate Abilities, Weirdness & Mutations

You cannot wear most types of armour.
You are amphibious.
You can wear up to eight rings at the same time.
Your skin changes colour to match your surroundings (Stealth+).
Your rubbery body absorbs attacks. (AC +1, EV +1)
((You are camouflaged when in or above water. (Stealth+)))
You have tentacles for arms and can constrict up to eight enemies at once.


Message History

The wolf howls!
You punch the wolf! You freeze the wolf.
You kill the wolf!
You closely miss the bullfrog.
The bullfrog is no longer distracted by gold.
The bullfrog hits you but does no damage.
The bullfrog is distracted by your dazzling golden aura.
The bullfrog gives a loud, deep croak!
You hit the bullfrog but do no damage.
The bullfrog is no longer distracted by gold.
The bullfrog is distracted by your dazzling golden aura.
The bullfrog completely misses you.
You barely miss the bullfrog.
The bullfrog is distracted by your dazzling golden aura.
You barely miss the bullfrog.
The bullfrog is no longer distracted by gold. x2
The wolf is no longer distracted by gold.
The bullfrog closely misses you. The wolf closely misses you.
You punch the bullfrog!
The bullfrog seems to slow down.
You freeze the bullfrog.
The bullfrog is heavily wounded.
The wolf bites you. The bullfrog barely misses you.
You barely miss the bullfrog.
The bullfrog is heavily wounded.
The bullfrog hits you but does no damage.
The wolf misses you.
The bullfrog hits you but does no damage.
You hit the bullfrog. You freeze the bullfrog.
The bullfrog is severely wounded.
You warm up again.
Your +1 dagger of venom unmelds from your body.
Your +1 dagger of venom begins to drip with poison!
The wolf misses you. The bullfrog hits you. The wolf closely misses you.
The komodo dragon bites you!! The bullfrog hits you.
* * * LOW HITPOINT WARNING * * *
The bullfrog barely misses you.
The komodo dragon attacks as you move away!
The komodo dragon bites you!!
You die...
Your body crumbles into a pile of gold.

##
#...........#
..
...####....###
#
#####......##
##...##.....P#
#P...........#
#.......#.####
##..##.....#
#...#.F.P.## #
#$@#.#.#
#.lFh(#.#
#.......#
.......#..#
..#..#####...
....... ..
#.....# .
###)..


You could see a komodo dragon, a wolf and 2 bullfrogs.

Vanquished Creatures
  An ogre mage (D:10)
  2 two-headed ogres
  A death knight (D:10)
  Pikel (D:8)
  An orc knight (D:10)
  A cane toad (Lair:1)
  A rime drake (Lair:1)
  An unseen horror (D:10)
  An efreet (D:10)
  A yaktaur (D:10)
  2 komodo dragons (D:10)
  2 trolls (D:10)
  A queen bee (D:9)
  A slime creature (D:10)
  2 wraiths (D:10)
  A shadow (D:9)
  4 wyverns
  14 yaks
  A steam dragon (D:8)
  A basilisk (Lair:1)
  Grum (D:9)
  An acid dragon (D:9)
  4 water moccasins
  4 orc warriors
  2 ice beasts
  A sky beast (D:8)
  A black bear (D:6)
  15 wolves
  A boggart (D:10)
  5 centaurs
  2 lemures (D:8)
  3 phantoms
  3 kobold brigands
  2 elf zombies (Ossuary)
  3 bullfrogs
  A gnoll sergeant (D:10)
  A scorpion (D:5)
  12 wights
  24 killer bees
  3 howler monkeys (D:9)
  An electric eel (D:9)
  3 centaur zombies (Ossuary)
  5 hounds
  3 jellies (D:6)
  10 orc priests
  5 iguanas
  9 orc wizards
  2 ogre zombies (Ossuary)
  7 mummies (Ossuary)
  9 gnolls
  5 adders
  A white imp (D:7)
  4 adder zombies (Ossuary)
  2 worms
  3 dart slugs
  42 orcs
  3 bats
  6 endoplasms
  3 goblins
  4 hobgoblins
  3 jackals (D:1)
  3 quokkas
  5 ball pythons
  A frilled lizard (D:1)
  10 goblin zombies
  4 hobgoblin zombies (Ossuary)
  14 kobolds
  2 kobold zombies (Ossuary)
  3 quokka zombies
  5 rats
  2 rat zombies (Ossuary)
308 creatures vanquished.

Vanquished Creatures (others)
  An orc (D:8)
1 creature vanquished.

Grand Total: 309 creatures vanquished

Notes
Turn   | Place    | Note
-------+----------+-------------------------------------------
     0 | D:1      | Eryximachus the Octopode Transmuter began the quest for the
                  | Orb.
     0 | D:1      | Reached XP level 1. HP: 13/13 MP: 3/3
   839 | D:1      | Reached XP level 2. HP: 18/18 MP: 5/5
   913 | D:1      | Learned a level 2 spell: Wereblood
  1077 | D:1      | Reached XP level 3. HP: 11/23 MP: 3/6
  1643 | D:2      | Upgraded the game from 0.30.0-29-ga12c61a403 to
                  | 0.30.0-30-g96aa6591b8
  1689 | D:2      | Learned a level 3 spell: Spider Form
  2217 | D:2      | Found Akhluubb's Armour Shoppe.
  2743 | D:4      | Reached skill level 1 in Poison Magic
  2743 | D:4      | Reached XP level 4. HP: 29/29 MP: 5/7
  2771 | D:4      | Found a runed translucent door.
  2792 | D:4      | Reached XP level 5. HP: 30/34 MP: 2/8
  2817 | D:4      | Found a sand-covered staircase.
  2840 | Ossuary  | Entered an ossuary
  2919 | Ossuary  | Reached XP level 6. HP: 39/39 MP: 5/10
  2927 | Ossuary  | Learned a level 4 spell: Ice Form
  2993 | Ossuary  | Reached skill level 4 in Unarmed Combat
  3061 | Ossuary  | Reached skill level 1 in Ice Magic
  3222 | Ossuary  | Reached XP level 7. HP: 37/45 MP: 8/11
  3459 | D:4      | Noticed Menkaure
  3459 | D:4      | Noticed Grinder
  3476 | D:5      | Entered Level 5 of the Dungeon
  3882 | D:5      | Reached skill level 5 in Transmutations
  3922 | D:5      | Noticed LustLizard's ghost (novice GrEE)
  3930 | D:5      | Found a transporter.
  3935 | D:5      | Found a transporter.
  4214 | D:5      | Reached skill level 1 in Stealth
  4214 | D:5      | Reached XP level 8. HP: 50/50 MP: 8/12
  4431 | D:5      | Found a radiant altar of Vehumet.
  4782 | D:6      | Noticed meatsac's ghost (novice OpMo)
  5118 | D:6      | Found a runed translucent gate.
  5118 | D:6      | Found a runed translucent gate.
  5120 | D:6      | Found a runed translucent gate.
  5336 | D:6      | Upgraded the game from 0.30.0-30-g96aa6591b8 to 0.30.1
  5628 | D:7      | Reached skill level 5 in Unarmed Combat
  5690 | D:7      | Reached XP level 9. HP: 56/56 MP: 10/15
  5709 | D:7      | Reached skill level 5 in Stealth
  5709 | D:7      | Reached skill level 5 in Ice Magic
  5800 | D:7      | Found a staircase to the Ecumenical Temple.
  5809 | Temple   | Entered the Ecumenical Temple
  5833 | Temple   | Became a worshipper of Gozag Ym Sagoz the Greedy
  6458 | D:6      | Reached skill level 6 in Unarmed Combat
  6694 | D:6      | Found a hide-covered altar of Uskayaw.
  6710 | D:6      | Reached skill level 5 in Fighting
  6733 | D:6      | Reached skill level 7 in Unarmed Combat
  6948 | D:8      | Noticed Pikel
  7029 | D:8      | Reached skill level 8 in Unarmed Combat
  7126 | D:8      | Reached XP level 10. HP: 66/66 MP: 10/16
  7274 | D:8      | Killed Pikel
  7275 | D:8      | Reached skill level 9 in Unarmed Combat
  7278 | D:8      | Found a blossoming altar of Fedhas.
  7366 | D:8      | Found Corewoy's Assorted Antiques.
  7529 | D:8      | Noticed a +0 hand axe
  7529 | D:8      | Noticed a +0 dagger
  7533 | D:8      | Found a hide-covered altar of Uskayaw.
  7668 | D:8      | Found Nenwuu's Assorted Antiques.
  7714 | D:9      | Reached skill level 10 in Unarmed Combat
  8238 | D:9      | Noticed a two-headed ogre
  8468 | D:9      | Reached skill level 5 in Dodging
  8535 | D:9      | Reached XP level 11. HP: 71/71 MP: 13/17
  8541 | D:9      | Reached skill level 1 in Evocations
  8612 | D:9      | Noticed Grum
  8638 | D:9      | Killed Grum
  8868 | D:9      | Found an iron altar of Okawaru.
  9255 | D:9      | Killed a two-headed ogre
  9321 | D:10     | Entered Level 10 of the Dungeon
  9498 | D:10     | Noticed a two-headed ogre
  9511 | D:10     | Killed a two-headed ogre
  9512 | D:10     | Reached skill level 5 in Spellcasting
  9866 | D:10     | Reached skill level 11 in Unarmed Combat
  9888 | D:10     | Found a glowing silver altar of Zin.
 10009 | D:10     | Found a staircase to the Lair.
 10092 | D:10     | Noticed a death knight
 10211 | D:10     | Learned a level 3 spell: Ozocubu's Armour
 10324 | D:10     | Noticed an ogre mage
 10333 | D:10     | Killed an ogre mage
 10373 | D:10     | Reached XP level 12. HP: 64/81 MP: 19/21
 10392 | D:10     | Killed a death knight
 10401 | D:10     | HP: 4/98 [orc knight/+0 war axe (14)]
 11110 | Lair:1   | Entered Level 1 of the Lair of Beasts
 11253 | Lair:1   | Reached skill level 12 in Unarmed Combat
 11333 | Lair:1   | Slain by a komodo dragon

Illustrated notes

Levels and vault maps discovered:
D:1:      amcnicky_arrival_choice, layout_loops_ring
D:2:      layout_loops_ring, serial_shops, nicolae_shop_tiny_waterfront
D:3:      layout_loops_corners, marbit_many_paths, serial_bayou_pond_a
D:4:      layout_cave_pools, gammafunk_temple_overflow_pools,
          ebering_ghost_sewer_d, enter_ossuary_4, serial_bayou_pond_d,
          uniq_duvessa, uniq_menkaure, uniq_grinder
D:5:      layout_loops_ring, mainiacjoe_overflow_24_doors, gammafunk_ghost_hive,
          nicolae_concentric_dashed_squares_mild, corexii_checkpoint_a
D:6:      layout_cave_pods, gammafunk_ghost_split, minmay_ruined_shrine
D:7:      layout_basic, minmay_temple_entry_poolview, grunt_ministairs_8
D:8:      layout_rooms, fedhas_ov_isle_minmay, dancing_weapons_uskayaw,
          serial_shops, shop, kennysheep_mini_moat, uniq_pikel
D:9:      layout_roguey [special_room_bee], okawaru_altar_gauntlet_db,
          chequers_serial_rivers_room_b, kennysheep_opposing_triangles,
          uniq_grum
D:10:     layout_loops_ring, zin_academy, dpeg_oklobed_lair, minmay_the_grid_2x2
          [minmay_the_grid_doors, minmay_the_grid_gridbox, minmay_the_grid_fan,
          minmay_the_grid_prize_trominoes]
D:11:     layout_cross, erik_orc_2, kb_lookout_dungeons_type, uniq_josephine
Temple:   eino_temple_lava
Lair:1:   layout_misc_corridors

Skill      XL: |  1  2  3  4  5  6  7  8  9 10 11 12 |
---------------+-------------------------------------+-----
Poison Magic   | 1 2 3 |  3.0
Fighting       | 2 3 5 7 8 |  8.1
Dodging        | 3 5 6 |  6.0
Spellcasting   | 3 4 6 |  6.2
Transmutations | 3 4 5 6 7 8 |  8.2
Unarmed Combat | 4 5 8 10 11 12 | 12.1
Ice Magic      | 2 4 5 |  5.0
Stealth        | 1 4 5 |  5.0
Evocations     | 4 |  4.0

Action                     |  1- 3 |  4- 6 |  7- 9 | 10-12 || total
---------------------------+-------+-------+-------+-------++-------
  Melee: Unarmed           |    33 |       |   258 |   419 ||   710
         Kick              |    21 |    35 |     5 |       ||    61
         Constrict         |    25 |    35 |     9 |     6 ||    75
         Tentacles         |    10 |    39 |    21 |     8 ||    78
         Punch             |     3 |     7 |     2 |     2 ||    14
         Dagger            |    34 |   131 |    59 |    29 ||   253
  Throw: Stone             |     4 |       |       |       ||     4
         Dart              |       |       |       |     3 ||     3
         Throwing net      |       |       |       |     2 ||     2
   Cast: Beastly Appendage |    18 |     8 |     2 |       ||    28
         Wereblood         |     6 |     8 |    20 |    25 ||    59
         Ice Form          |       |       |    25 |    31 ||    56
         Spider Form       |       |       |     7 |       ||     7
         Ozocubu's Armour  |       |       |       |     1 ||     1
  Evoke: Piece from Xom's  |       |       |       |     1 ||     1
    Use: Scroll            |     2 |       |    10 |     1 ||    13
         Potion            |       |       |       |     1 ||     1
   Stab: Sleeping          |     2 |     7 |     2 |     2 ||    13
         Distracted        |       |       |       |     2 ||     2
         Held in net/web   |       |       |       |     1 ||     1
 Armour: Skin              |     5 |    31 |   105 |   134 ||   275
  Dodge: Dodged            |    38 |    84 |   180 |   227 ||   529
